 Dungeon Crawl Stone Soup version 0.26-a0-690-gcb57259078 (webtiles) character file.

Game seed: 9389426494079860564

3084 Peloso the Blocker (level 9, -1/74 HPs)
             Began as a Gnoll Fighter on Oct 24, 2020.
             Slain by a killer bee (2 damage)
             ... on level 7 of the Dungeon.
             The game lasted 00:15:22 (6419 turns).

Peloso the Blocker (Gnoll Fighter)                  Turns: 6419, Time: 00:15:23

Health: -1/74      AC: 14    Str: 22    XL:     9   Next: 89%
Magic:  16/16      EV:  8    Int: 10    God:
Gold:   349        SH: 11    Dex: 15    Spells: 17/17 levels left

rFire    x . .     SeeInvis .   a - +0 long sword
rCold    + . .     Faith    .   c - +0 kite shield
rNeg     . . .     Spirit   .   z - +0 plate armour
rPois    +         Reflect  .   t - +1 hat
rElec    .         Harm     .   (no cloak)
rCorr    .         Rampage  .   (no gloves)
MR       .....                  (no boots)
Stlth    ..........             (no amulet)
HPRegen  0.22/turn              j - ring of ice
MPRegen  0.15/turn              n - ring of poison resistance

@: lethally poisoned (-1 -> -2)
A: distributed training, fangs 1, strong nose
a: no special abilities


You were on level 7 of the Dungeon.
You visited 1 branch of the dungeon, and saw 7 of its levels.

You collected 349 gold pieces.

Inventory:

Hand Weapons
 a - a +0 long sword (weapon)
 b - a +2 whip of flaming
 s - the +3 trident "Zuacuism" {holy, rElec SInv}
   (You found it on level 6 of the Dungeon)

   It has been blessed by the Shining One to cause great damage to the undead
   and demons.
   It insulates you from electricity.
   It lets you see invisible.
Armour
 c - a +0 kite shield (worn)
 t - a +1 hat (worn)
 z - a +0 plate armour (worn)
Jewellery
 j - a ring of ice (left hand)
 n - a ring of poison resistance (right hand)
Wands
 q - a wand of random effects (15)
 r - a wand of enslavement (5)
Scrolls
 e - 4 scrolls of teleportation
 f - 4 scrolls of remove curse
 g - a scroll of enchant weapon {unknown}
 k - a scroll of identify
 l - a scroll of blinking {unknown}
 o - 3 scrolls of amnesia {unknown}
 x - a scroll of noise {unknown}
 y - a scroll of enchant armour {unknown}
Potions
 d - a potion of might
 h - 2 potions of heal wounds
 i - a potion of brilliance
 m - a potion of cancellation
 p - a potion of flight
 u - 2 potions of haste
 v - 4 potions of curing
 w - 2 potions of resistance


   Skills:
 + Level 8.1 Fighting
 + Level 4.6 Short Blades
 + Level 6.6 Long Blades
 + Level 4.6 Axes
 + Level 4.6 Maces & Flails
 + Level 4.6 Polearms
 + Level 4.6 Staves
 + Level 4.6 Slings
 + Level 4.6 Bows
 + Level 4.6 Crossbows
 + Level 4.6 Throwing
 + Level 8.1 Armour
 + Level 4.6 Dodging
 + Level 4.6 Stealth
 + Level 8.1 Shields
 + Level 4.6 Unarmed Combat
 + Level 4.6 Spellcasting
 + Level 3.8 Conjurations
 + Level 3.8 Hexes
 + Level 3.8 Summonings
 + Level 3.8 Necromancy
 + Level 3.8 Translocations
 + Level 3.8 Transmutations
 + Level 3.8 Fire Magic
 + Level 3.8 Ice Magic
 + Level 3.8 Air Magic
 + Level 3.8 Earth Magic
 + Level 3.8 Poison Magic
 + Level 5.1 Invocations
 + Level 4.6 Evocations


You had 17 spell levels left.
You didn't know any spells.
Your spell library was empty.

Dungeon Overview and Level Annotations

Branches:
Dungeon (7/15)
 Temple: D:4-7

Altars:
Ashenzari
Dithmenos
Elyvilon
Fedhas
Gozag
Kikubaaqudgha
Qazlal
Ru
Uskayaw
Wu Jian
Zin
The Shining One


Innate Abilities, Weirdness & Mutations

Your experience applies equally to all skills.
You have very sharp teeth.
Your uncanny sense of smell can sniff out nearby items.


Message History

The killer bee stings you but does no damage.
You slash the killer bee!
You kill the killer bee!
You feel sick.
The killer bee buzzes angrily.
The killer bee stings you but does no damage.
You see here a killer bee corpse.
You miss the killer bee.
The killer bee stings you but does no damage.
The killer bee stings you.
* * * LOW HITPOINT WARNING * * *
Your shield prevents you from hitting the killer bee.
You bite the killer bee, but do no damage.
The killer bee stings you.
* * * LOW HITPOINT WARNING * * *
The killer bee barely misses you.
You miss the killer bee. Your bite misses the killer bee.
* * * LOW HITPOINT WARNING * * *
You feel sick. You block the killer bee's attack. The killer bee stings you.
You die...

#...# #####.#.# #..
....# #.# #...# #.#
#...# #@###...#####
#######y##.........
................#
#.########..###.#
#..# ..... ...y..≈
.....≈≈y≈≈
#...≈≈≈≈≈≈≈


You could see a killer bee.

Vanquished Creatures
  Pikel (D:4)
  Edmund (D:4)
  An orc warrior (D:6)
  A sky beast (D:6)
  3 phantoms
  3 ogres
  A centaur (D:6)
  2 bullfrogs
  2 gnoll sergeants (D:5)
  2 scorpions
  5 killer bees (D:7)
  2 howler monkeys (D:4)
  A centaur zombie (D:6)
  9 hounds
  A jelly (D:5)
  3 orc priests
  A centaur skeleton (D:4)
  A gnoll shaman (D:5)
  An iguana (D:4)
  5 worker ants
  2 orc wizards (D:5)
  2 hound skeletons
  14 gnolls
  7 adders
  2 shadow imps (D:6)
  4 oozes (D:1)
  A worm (D:2)
  A dart slug (D:1)
  2 leopard geckos
  25 orcs
  4 giant cockroaches
  8 goblins
  9 hobgoblins
  17 jackals
  12 kobolds
  2 quokkas
  2 ball pythons
  3 bats
  6 frilled lizards
  9 rats
178 creatures vanquished.

Vanquished Creatures (others)
  A plant (D:6)
1 creature vanquished.

Grand Total: 179 creatures vanquished

Notes
Turn   | Place    | Note
-------+----------+-------------------------------------------
     0 | D:1      | Peloso the Gnoll Fighter began the quest for the Orb.
     0 | D:1      | Reached XP level 1. HP: 23/23 MP: 1/1
     1 | D:1      | Found a runed translucent door.
   218 | D:1      | Reached XP level 2. HP: 29/29 MP: 2/2
   567 | D:1      | Reached XP level 3. HP: 35/35 MP: 3/3
   926 | D:1      | Reached skill level 1 in Invocations
   948 | D:1      | Reached skill level 1 in Short Blades
   948 | D:1      | Reached skill level 1 in Axes
   948 | D:1      | Reached skill level 1 in Maces & Flails
   948 | D:1      | Reached skill level 1 in Polearms
   948 | D:1      | Reached skill level 1 in Staves
   948 | D:1      | Reached skill level 1 in Slings
   948 | D:1      | Reached skill level 1 in Bows
   948 | D:1      | Reached skill level 1 in Crossbows
   948 | D:1      | Reached skill level 1 in Throwing
   948 | D:1      | Reached skill level 1 in Dodging
   948 | D:1      | Reached skill level 1 in Stealth
   948 | D:1      | Reached skill level 1 in Unarmed Combat
   948 | D:1      | Reached skill level 1 in Spellcasting
   948 | D:1      | Reached skill level 1 in Evocations
  1044 | D:2      | Reached XP level 4. HP: 41/41 MP: 5/5
  1309 | D:2      | Reached skill level 1 in Conjurations
  1309 | D:2      | Reached skill level 1 in Hexes
  1309 | D:2      | Reached skill level 1 in Summonings
  1309 | D:2      | Reached skill level 1 in Necromancy
  1309 | D:2      | Reached skill level 1 in Translocations
  1309 | D:2      | Reached skill level 1 in Transmutations
  1309 | D:2      | Reached skill level 1 in Fire Magic
  1309 | D:2      | Reached skill level 1 in Ice Magic
  1309 | D:2      | Reached skill level 1 in Air Magic
  1309 | D:2      | Reached skill level 1 in Earth Magic
  1309 | D:2      | Reached skill level 1 in Poison Magic
  1557 | D:3      | Reached XP level 5. HP: 35/47 MP: 5/7
  1925 | D:3      | Noticed an ogre
  1932 | D:3      | Killed an ogre
  1932 | D:3      | Reached XP level 6. HP: 53/53 MP: 8/8
  2082 | D:4      | Noticed Pikel
  2111 | D:4      | Killed Pikel
  2111 | D:4      | Reached skill level 5 in Long Blades
  2111 | D:4      | Reached XP level 7. HP: 24/60 MP: 8/11
  2482 | D:4      | Found a shadowy altar of Dithmenos.
  2482 | D:4      | Found an opulent altar of Gozag.
  2486 | D:4      | Found a stormy altar of Qazlal.
  2486 | D:4      | Found a white marble altar of Elyvilon.
  2493 | D:4      | Reached XP level 8. HP: 67/67 MP: 12/12
  3181 | D:4      | Noticed Edmund
  3196 | D:4      | Killed Edmund
  3299 | D:5      | Entered Level 5 of the Dungeon
  3310 | D:5      | Found a sacrificial altar of Ru.
  3953 | D:5      | Reached XP level 9. HP: 50/73 MP: 14/14
  4658 | D:6      | Got a brightly glowing morningstar
  4659 | D:6      | Identified the cursed +1 morningstar "Nidisato" {vorpal,
                  | Str+5 Dex+4} (You found it on level 6 of the Dungeon)
  4994 | D:6      | Got a brightly glowing rapier
  4995 | D:6      | Identified the cursed +1 rapier of the Nexus {vamp, rElec}
                  | (You found it on level 6 of the Dungeon)
  5842 | D:6      | Reached skill level 5 in Invocations
  5887 | D:6      | Found an ancient bone altar of Kikubaaqudgha.
  5887 | D:6      | Found a glowing silver altar of Zin.
  5908 | D:6      | Found a glowing golden altar of the Shining One.
  5923 | D:6      | Got a faintly glowing trident
  5924 | D:6      | Identified the cursed +3 trident "Zuacuism" {holy, rElec
                  | SInv} (You found it on level 6 of the Dungeon)
  6054 | D:6      | Found an ornate altar of the Wu Jian Council.
  6058 | D:6      | Found a hide-covered altar of Uskayaw.
  6058 | D:6      | Found a blossoming altar of Fedhas.
  6132 | D:7      | Found a broken altar of Ashenzari.
  6418 | D:7      | HP: 2/74 [killer bee (6)]
  6419 | D:7      | Slain by a killer bee

Illustrated notes

Levels and vault maps discovered:
D:1:      dpeg_arrival_caged_fury, layout_basic
D:2:      layout_rooms, serial_park_tiny_2
D:3:      layout_basic
D:4:      layout_basic, grunt_temple_overflow_open, uniq_pikel, uniq_edmund
D:5:      layout_cave_pools, serial_gnoll_camp, gnoll_camp_medium_01,
          gnoll_camp_mini_basic, gnoll_camp_mini_hut, gnoll_camp_mini_hut,
          hangedman_ru_absence
D:6:      nicolae_whirlpool, layout_cave_pools,
          gammafunk_temple_overflow_forgotten, nicolae_overflow_crystal_walls,
          gammafunk_temple_overflow_elements, minmay_misc_feat_columns
D:7:      layout_loops_ring, makhleb_heckhound_becter, temple_pool_b,
          serial_shops, shop, cheibrodos_ashenzari_chains

Skill      XL: |  1  2  3  4  5  6  7  8  9 |
---------------+----------------------------+-----
Invocations    | 1 2 3 4 5 |  5.1
Short Blades   | 1 2 3 4 |  4.6
Axes           | 1 2 3 4 |  4.6
Maces & Flails | 1 2 3 4 |  4.6
Polearms       | 1 2 3 4 |  4.6
Staves         | 1 2 3 4 |  4.6
Slings         | 1 2 3 4 |  4.6
Bows           | 1 2 3 4 |  4.6
Crossbows      | 1 2 3 4 |  4.6
Throwing       | 1 2 3 4 |  4.6
Dodging        | 1 2 3 4 |  4.6
Stealth        | 1 2 3 4 |  4.6
Unarmed Combat | 1 2 3 4 |  4.6
Spellcasting   | 1 2 3 4 |  4.6
Evocations     | 1 2 3 4 |  4.6
Conjurations   | 1 2 3 |  3.8
Hexes          | 1 2 3 |  3.8
Summonings     | 1 2 3 |  3.8
Necromancy     | 1 2 3 |  3.8
Translocations | 1 2 3 |  3.8
Transmutations | 1 2 3 |  3.8
Fire Magic     | 1 2 3 |  3.8
Ice Magic      | 1 2 3 |  3.8
Air Magic      | 1 2 3 |  3.8
Earth Magic    | 1 2 3 |  3.8
Poison Magic   | 1 2 3 |  3.8
Fighting       | 7 8 |  8.1
Long Blades    | 5 6 |  6.6
Armour         | 7 8 |  8.1
Shields        | 7 8 |  8.1

Action                   |  1- 3 |  4- 6 |  7- 9 || total
-------------------------+-------+-------+-------++-------
Melee: Long sword        |    91 |   152 |   475 ||   718
       Bite              |    13 |    12 |    81 ||   106
  Use: Potion            |     3 |     2 |     1 ||     6
       Scroll            |       |       |    12 ||    12
Armor: Scale mail        |    26 |    58 |    15 ||    99
       Chain mail        |       |       |   131 ||   131
       Plate armour      |       |       |    46 ||    46
Dodge: Dodged            |    20 |    55 |   175 ||   250
Block: Kite shield       |    59 |    87 |   359 ||   505
       Rpst.: Long sword |     5 |    26 |    50 ||    81

Table legend: (Time is in decaauts)
 A = Elapsed time spent in this place.
 B = Non-inter-level travel time spent in this place.
 C = Inter-level travel time spent in this place.
 D = Time resting spent in this place.
 E = Time spent auto-exploring this place.
 F = Levels seen in this place.
 G = Mean time per level.
                   A        B        C        D        E       F      G
               +--------+--------+--------+--------+--------+-----+--------+
         Total |   6556 |   6472 |     84 |    490 |   4136 |   7 |  936.6 |
       Dungeon |   6556 |   6472 |     84 |    490 |   4136 |   7 |  936.6 |
               +--------+--------+--------+--------+--------+-----+--------+

Top non-repeatable levels by time:
     D:5: 1651 daAuts
     D:4: 1243 daAuts
     D:6: 1240 daAuts
     D:1: 989 daAuts
     D:2: 589 daAuts
     D:3: 549 daAuts
     D:7: 293 daAuts
